 Dungeon Crawl Stone Soup version 0.18.1-8-gdd0e5ea (webtiles) character file.

431 Gargoyl the Skirmisher (level 6, 0/48 HPs)
             Began as a Demonspawn Abyssal Knight on June 1, 2016.
             Was a Priest of Lugonu.
             Killed by divine providence
             ... invoked by an orc priest
              (10 damage)
             ... on level 4 of the Dungeon.
             The game lasted 00:07:00 (3707 turns).

Gargoyl the Skirmisher (Demonspawn Abyssal Knight)  Turns: 3707, Time: 00:07:01

Health: 0/48       AC: 13    Str: 15    XL:     6   Next: 66%
Magic:  0/8        EV:  7    Int: 13    God:    Lugonu [***...]
Gold:   180        SH:  5    Dex: 12    Spells: 0 memorised, 5 levels left

rFire  . . .     SeeInvis .     a - +2 hand axe
rCold  . . .     Gourm    .     e - +0 chain mail
rNeg   . . .     Faith    .     r - +2 buckler
rPois  .         Spirit   +     (no helmet)
rElec  .         Dismiss  .     h - +0 cloak
rCorr  .         Reflect  .     (no gloves)
SustAt .         Harm     .     (no boots)
MR     .....                    (no amulet)
Stlth  ..........               (no ring)
                                (no ring)

@: not resistant to hostile enchantments, extremely unstealthy
A: slimy green scales 2, magic shield
a: Depart the Abyss, Bend Space, Banish, Renounce Religion


You were on level 4 of the Dungeon.
You worshipped Lugonu.
Lugonu was most pleased with you.
You were hungry.

You visited 1 branch of the dungeon, and saw 4 of its levels.
You visited the Abyss 1 time.

You collected 180 gold pieces.

Inventory:

Hand Weapons
 a - a +2 hand axe (weapon)
Armour
 e - a +0 chain mail (worn)
 h - a +0 cloak (worn)
 r - a +2 buckler (worn)
Scrolls
 b - 3 scrolls of identify
 d - a scroll of amnesia
 l - 3 scrolls of teleportation
 s - 3 scrolls of magic mapping {unknown}
 v - a scroll of recharging {unknown}
Potions
 f - a potion of degeneration {unknown}
 g - 2 potions of invisibility {unknown}
 j - a potion of ambrosia {unknown}
 n - a potion of resistance {unknown}
 o - a potion of agility {unknown}
 q - a potion of haste {unknown}
 t - a potion of brilliance
 x - a potion of lignification {unknown}
Comestibles
 c - 2 bread rations
 u - 2 meat rations


   Skills:
 + Level 4.2 Fighting
 + Level 3.1 Axes
 * Level 4.0 Armour
 + Level 2.8 Dodging
 + Level 1.2 Shields
 + Level 2.7 Invocations


You had 5 spell levels left.
You didn't know any spells.

Dungeon Overview and Level Annotations

Branches:
Dungeon (4/15)
 Temple: D:4-7

Altars:
Cheibriados
Pakellas


Innate Abilities, Weirdness & Mutations

You are mostly covered in slimy green scales (AC +3).
When hurt, damage is shared between your health and your magic reserves.


Message History

* * * LOW HITPOINT WARNING * * *
You block the orc's attack.
Drink which item? (? for menu, Esc to quit)
You feel better.
The orc priest miscasts a cantrip.
The orc barely misses you.
Your chain mail prevents you from hitting the orc priest.
The orc priest is heavily wounded.
You hit the orc.
The orc is almost dead.
The orc priest mumbles some strange prayers to Beogh against you.
Beogh smites you!
* * * LOW HITPOINT WARNING * * *
The orc barely misses you.
The orc priest hits you but does no damage.
Drink which item? (? for menu, Esc to quit)
You feel better.
The orc priest calls down the wrath of Beogh upon you.
Beogh smites you!
You die...

#.......####.###
..###..>....#
#.#
............#
#.##### .
#..##.......#
#.....#
........###.#
#####.#
##......# #.#
##.### ##.##..#
#.. #..... #
#..####.# #.....
#)@..# .# #.....
#oo#....# ###...
#..#...... #.
#### ...# ##.##
. #.. ..... .. #
. #.# #....# #
#.#.##.# #....#
#...#..# #.....
#.>.#..#
#...#..#


You could see an orc priest and an orc.

Vanquished Creatures
  Sigmund (D:2)
  A scorpion (D:4)
  A water moccasin skeleton (D:4)
  Terence (D:3)
  A worker ant (D:4)
  3 adders (D:2)
  2 oozes
  2 worms (D:2)
  6 dart slugs
  3 giant geckos (D:1)
  5 orcs
  2 ball pythons
  11 bats
  4 giant cockroaches
  6 goblins
  5 hobgoblins
  4 jackals (D:1)
  5 kobolds
  2 quokkas (D:3)
  4 giant newts
  9 rats
78 creatures vanquished.

Vanquished Creatures (others)
  A manticore (D:3)
1 creature vanquished.

Grand Total: 79 creatures vanquished

Notes
Turn   | Place    | Note
--------------------------------------------------------------
     0 | Abyss:1  | Gargoyl the Demonspawn Abyssal Knight began the quest for the Orb.
     0 | Abyss:1  | Reached XP level 1. HP: 18/18 MP: 2/2
   121 | Abyss:1  | Noticed an eidolon
   124 | D:1      | Escaped the Abyss
   163 | D:1      | Reached skill level 1 in Dodging
   379 | D:1      | Gained mutation: You are partially covered in slimy green scales (AC +2). [demonic ancestry]
   379 | D:1      | Reached XP level 2. HP: 24/24 MP: 3/3
   409 | D:1      | Reached * piety under Lugonu
   694 | D:1      | Reached XP level 3. HP: 27/29 MP: 4/4
  1189 | D:2      | Reached ** piety under Lugonu
  1343 | D:2      | Noticed Terence
  1371 | D:3      | Killed Terence
  1371 | D:3      | Gained mutation: You are mostly covered in slimy green scales (AC +3). [demonic ancestry]
  1371 | D:3      | Reached XP level 4. HP: 20/36 MP: 6/6
  1890 | D:2      | Noticed Sigmund
  1916 | D:2      | Killed Sigmund
  1916 | D:2      | Reached skill level 1 in Shields
  1916 | D:2      | Gained mutation: When hurt, damage is shared between your health and your magic reserves. [demonic ancestry]
  1916 | D:2      | Reached XP level 5. HP: 19/42 MP: 7/7
  2227 | D:2      | Reached XP level 6. HP: 48/48 MP: 8/8
  2763 | D:3      | Found an oddly glowing altar of Pakellas.
  2764 | D:3      | Noticed a manticore
  2769 | D:3      | Killed a manticore
  2806 | D:3      | Found a faded altar to an unknown god.
  3177 | D:3      | Found a snail-covered altar of Cheibriados.
  3701 | D:4      | Reached *** piety under Lugonu
  3707 | D:4      | Killed from afar by an orc priest

Skill      XL: |  1  2  3  4  5  6 |
---------------+-------------------+-----
Armour         | 2 3 4 |  4.0
Dodging        | 1 2 |  2.8
Axes           | 2 3 |  3.1
Fighting       | 4 |  4.2
Shields        | 1 |  1.2
Invocations    | |  2.7

Action                   |  1- 3 |  4- 6 || total
-------------------------+-------+-------++-------
Melee: Hand axe          |   113 |   208 ||   321
Invok: Depart the Abyss  |     1 |       ||     1
  Use: Potion            |       |     5 ||     5
       Scroll            |       |     8 ||     8
  Eat: Chunk             |     1 |     8 ||     9
Armor: Ring mail         |    68 |       ||    68
       Chain mail        |       |   118 ||   118
       Scale mail        |       |     5 ||     5
Dodge: Dodged            |    88 |    75 ||   163
Block: Buckler           |     5 |    61 ||    66
